 Dungeon Crawl Stone Soup version 0.31-a0-995-g04711c9635 (webtiles) character file.

Game seed: 3040621667728833996

307 Dirtsage the Insei (level 6, -5/43 HPs)
             Began as an Octopode Shapeshifter on Nov 6, 2023.
             Splashed by a jelly's acid (9 damage)
             ... on level 4 of the Dungeon.
             The game lasted 00:07:59 (3449 turns).

Dirtsage the Insei (Octopode Shapeshifter)          Turns: 3449, Time: 00:08:00

Health: -5/43      AC: -15   Str: 13    XL:     6   Next: 40%
Magic:  6/6        EV: 13    Int: 13    God:
Gold:   152        SH:  0    Dex: 13    Spells: 5/5 levels left

rFire   . .          .
                       - Unarmed
rCold   . . .        (no shield)
rNeg    . . .        (helmet currently unavailable)
rPois   .            (no amulet)
rElec   .            (no ring)
rCorr   .            (no ring)
SInv    .            (no ring)
Will    .....        (no ring)
Stlth   ++           (no ring)
HPRegen 0.27/turn    (no ring)
MPRegen 0.10/turn    (no ring)
                     (no ring)

%: no passive effects
@: beast-form, corroded
A: beast (slay +2), almost no armour, amphibious, 8 rings, camouflage 1,
gelatinous body 1, (nimble swimmer 1), tentacles
a: Begin Untransformation


You were on level 4 of the Dungeon.
You were a hulking beast.
You visited 1 branch of the dungeon, and saw 4 of its levels.
You also visited: Sewer.

You collected 152 gold pieces.

Inventory:

Talismans
 b - a beast talisman
 c - a flux talisman
 p - a granite talisman
Scrolls
 d - a scroll of immolation
 h - a scroll of brand weapon {unknown}
 i - 2 scrolls of identify {unknown}
 q - a scroll of fog {unknown}
Potions
 a - a potion of lignification
 e - a potion of curing {unknown}
 f - 2 potions of cancellation {unknown}
 g - a potion of degeneration {unknown}
 j - 2 potions of might {unknown}
 k - a potion of haste {unknown}
 l - 2 potions of heal wounds
 m - 2 potions of enlightenment
 n - a potion of brilliance {unknown}
 o - a potion of berserk rage {unknown}


   Skills:
 + Level 3.6 Fighting
 - Level 2.0 Dodging
 + Level 4.6 Unarmed Combat
 + Level 4.4 Shapeshifting


You had 5 spell levels left.
You didn't know any spells.
Your spell library was empty.

Dungeon Overview and Level Annotations

Branches:
Dungeon (4/15)              Sewer (visited)
 Temple: D:4-7

Altars:
Qazlal
Sif Muna
Yredelemnul

Shops:
D:1 [


Innate Abilities, Weirdness & Mutations

You are a hulking beast.
Your limbs bulge with bestial killing power. (Slay +2)
You cannot wear most types of armour.
You are amphibious.
You can wear up to eight rings at the same time.
Your skin changes colour to match your surroundings (Stealth+).
Your rubbery body absorbs attacks. (AC +1, EV +1)
((You are camouflaged when in or above water. (Stealth+)))
You have tentacles for arms and can constrict up to eight enemies at once.


Message History

No target in view!
No target in view!
You now have 152 gold pieces (gained 11).
Found a stone staircase leading down.
A goblin comes into view. It is wielding a +0 dagger.
A jelly comes into view.
Found a stone staircase leading up.
The jelly quivers.
The helpless goblin fails to defend itself.
You tentacle-slap the goblin.
You kill the goblin!
You tentacle-slap the jelly. The acid corrodes you!
Your tentacles burn!
You squeeze the jelly.
The jelly is moderately wounded.
The jelly hits you. The acid corrodes you!
You are splashed with acid.
You take 12 damage, and have 31/43 hp.
MASSIVE DAMAGE!!
You tentacle-slap the jelly but do no damage.
Your tentacles burn!
You squeeze the jelly, but do no damage.
The jelly is moderately wounded.
You take 1 damage, and have 30/43 hp.
You tentacle-slap the jelly.
Your tentacles burn!
The jelly is heavily wounded.
The jelly closely misses you.
You take 2 damage, and have 28/43 hp.
You tentacle-slap the jelly but do no damage.
The acid corrodes you!
Your tentacles burn!
You squeeze the jelly, but do no damage.
The jelly is heavily wounded.
The jelly hits you. The acid corrodes you!
You are splashed with acid!
* * * LOW HITPOINT WARNING * * *
You take 16 damage, and have 12/43 hp.
MASSIVE DAMAGE!!
You tentacle-slap the jelly but do no damage.
Your tentacles burn!
* * * LOW HITPOINT WARNING * * *
The jelly is heavily wounded.
The jelly hits you.
* * * LOW HITPOINT WARNING * * *
You are splashed with acid!
You die...

#############
....!.)h....##########
.......J.#...........#
...<.................#
.....................#
.....................###
........................
.......................#
..........#+##..........
....... #..........


You could see a jelly.

Vanquished Creatures
  A kobold brigand (Sewer)
  A jelly (D:4)
  An orc priest (D:3)
  An iguana (D:3)
  Natasha (D:2)
  Robin (D:2)
  3 adders
  A worm (D:3)
  3 orcs
  6 ball pythons
  3 endoplasms
  5 giant cockroaches
  13 goblins
  6 hobgoblins
  8 jackals
  7 quokkas
  4 bats
  2 frilled lizards
  7 kobolds
  10 rats
84 creatures vanquished.

Notes
Turn   | Place    | Note
-------+----------+-------------------------------------------
     0 | D:1      | Dirtsage the Octopode Shapeshifter began the quest for the
                  | Orb.
     0 | D:1      | Reached XP level 1. HP: 13/13 MP: 1/1
   100 | D:1      | Found Keodgh's Antique Armour Boutique.
   268 | D:1      | Reached XP level 2. HP: 14/18 MP: 2/2
  1110 | D:2      | Noticed Robin
  1116 | D:2      | Noticed Natasha
  1127 | D:2      | Reached XP level 3. HP: 10/24 MP: 3/3
  1481 | D:2      | Killed Robin
  1704 | D:2      | Killed Natasha
  1705 | D:2      | Reached XP level 4. HP: 30/30 MP: 4/4
  1837 | D:3      | Reached XP level 5. HP: 25/36 MP: 5/5
  2288 | D:3      | Found a glowing drain.
  2314 | Sewer    | Entered a sewer
  2370 | Sewer    | Noticed a kobold brigand
  2428 | Sewer    | Killed a kobold brigand
  2512 | Sewer    | Reached XP level 6. HP: 42/42 MP: 6/6
  2549 | Sewer    | Found a glowing silver altar of Zin.
  2634 | D:3      | Found a shimmering blue altar of Sif Muna.
  2912 | D:3      | Found a basalt altar of Yredelemnul.
  3034 | D:4      | Found a stormy altar of Qazlal.
  3449 | D:4      | Splashed by a jelly's acid

Illustrated notes

Levels and vault maps discovered:
D:1:      saegor_arrival_simple_c, layout_loops_corners, serial_shops,
          nicolae_shop_competitors_out_of_business
D:2:      layout_loops_ring, corexii_item_surrounded_by_moat, uniq_natasha,
          uniq_robin
D:3:      layout_loops_ring, nicolae_overflow_hidden_temple, led_sif_pool,
          portal_sewer_entry_f, glass_columns_b, hangedman_decor_push
D:4:      layout_basic, nicolae_qazlal_scattered_showers, nrook_mini_vaults,
          uniq_sigmund, uniq_eustachio

Skill      XL: |  1  2  3  4  5 |
---------------+----------------+-----
Fighting       | 2 3 |  3.6
Unarmed Combat | 4 |  4.6
Shapeshifting  | 4 |  4.4
Dodging        | |  2.0

Action                     |  1- 3 |  4- 6 || total
---------------------------+-------+-------++-------
  Melee: Unarmed           |    54 |   107 ||   161
         Tentacles         |    13 |    22 ||    35
         Constrict         |    15 |    27 ||    42
         Punch             |     2 |     5 ||     7
    Use: Scroll            |       |     3 ||     3
   Stab: Sleeping          |     3 |     7 ||    10
         Distracted        |     2 |       ||     2
 Armour: Skin              |    22 |    46 ||    68
  Dodge: Dodged            |    31 |    50 ||    81

Table legend: (Time is in decaauts)
 A = Elapsed time spent in this place.
 B = Non-inter-level travel time spent in this place.
 C = Inter-level travel time spent in this place.
 D = Time resting spent in this place.
 E = Time spent auto-exploring this place.
 F = Levels seen in this place.
 G = Mean time per level.
                   A        B        C        D        E       F      G
               +--------+--------+--------+--------+--------+-----+--------+
         Total |   3447 |   3038 |    409 |    151 |   2335 |   5 |  689.4 |
       Dungeon |   3149 |   2740 |    409 |    130 |   2137 |   4 |  787.2 |
         Sewer |    298 |    298 |      0 |     21 |    198 |   1 |  298.0 |
               +--------+--------+--------+--------+--------+-----+--------+

Top non-repeatable levels by time:
     D:1: 1081 daAuts
     D:3: 915 daAuts
     D:2: 663 daAuts
     D:4: 489 daAuts
   Sewer: 298 daAuts
